 Dungeon Crawl Stone Soup version 0.31.0-12-g77e489cdc1 (webtiles) character file.

Game seed: 16866804533983977110

742 Gadfly the Trooper (level 7, -3/72 HPs)
             Began as an Oni Berserker on Feb 23, 2024.
             Was a Priest of Trog.
             Slain by a gnoll
             ... wielding a +0 whip
             ... led by a gnoll bouda
              (8 damage)
             ... on level 4 of the Dungeon.
             The game lasted 00:06:51 (3811 turns).

Gadfly the Trooper (Oni Berserker)                  Turns: 3811, Time: 00:06:53

Health: -3/72      AC:  4    Str: 22    XL:     7   Next: 76%
Magic:  7/7        EV: 10    Int:  8    God:    Trog [***...]
Gold:   148        SH:  0    Dex: 10    Spells: 6/6 levels left

rFire   . . .        a - +2 flail (venom)
rCold   . . .        (no shield)
rNeg    . . .        h - +1 animal skin
rPois   .            (helmet restricted)
rElec   .            (no cloak)
rCorr   .            (gloves unavailable)
SInv    +            (boots unavailable)
Will    .....        (no amulet)
Stlth   +            k - ring of see invisible
HPRegen 0.32/turn    (no ring)
MPRegen 0.10/turn

%: no passive effects
@: weakened
A: large, unfitting armour, horns 1, tough skin 1, double potion healing,
drunken brawling
a: Renounce Religion, Berserk, Trog's Hand


You were on level 4 of the Dungeon.
You worshipped Trog.
Trog was most pleased with you.
You visited 1 branch of the dungeon, and saw 4 of its levels.
You also visited: Sewer.

You collected 148 gold pieces.

Inventory:

Hand Weapons
 a - a +2 flail of venom (weapon)
 b - a +1 dagger of electrocution
 f - a +0 mace
Armour
 h - a +1 animal skin (worn)
Jewellery
 c - a ring of protection from fire
 k - a ring of see invisible (left hand)
Wands
 e - a wand of iceblast (8) (quivered)
Scrolls
 d - a scroll of vulnerability
 l - a scroll of identify
Potions
 g - 2 potions of might
 i - a potion of curing
 j - a potion of haste


   Skills:
 + Level 5.6 Fighting
 * Level 5.4 Maces & Flails
 * Level 3.7 Armour
 - Level 2.6 Dodging
 * Level 3.4 Evocations


You had 6 spell levels left.
You didn't know any spells.
Your spell library was empty.

Dungeon Overview and Level Annotations

Branches:
Dungeon (4/15)              Sewer (visited)
 Temple: D:4-7

Altars:
Dithmenos
Fedhas
Ru

Shops:
D:4 :[([


Innate Abilities, Weirdness & Mutations

You are too large for most types of armour.
You have a pair of small horns on your head.
You have tough skin. (AC +1)
You gain doubled healing and magic from potions.
Whenever you drink a healing potion, you attack all around you.


Message History

You are held in a net!
You are held in a net!
You are held in a net!
You are held in a net!
You are held in a net!
You are held in a net!
You are held in a net!
You are held in a net!
You are held in a net!
You are held in a net!
You are held in a net!
You are held in a net!
You are held in a net!
You are held in a net!
You are held in a net!
Unknown command.
You tear a large gash into the net.
The gnoll bouda hits you with a +0 whip.
The gnoll hits you from afar with a +0 halberd!
The gnoll hits you with a +0 flail.
You struggle against the net.
The gnoll bouda hits you with a +0 whip.
The gnoll barely misses you. The gnoll hits you with a +0 flail!
You struggle against the net.
The gnoll bouda gazes fiercely through you!
You feel your attacks grow feeble.
The gnoll bouda hits you with a +0 whip.
The gnoll hits you from afar with a +0 halberd!
* * * LOW HITPOINT WARNING * * *
The gnoll hits you with a +0 flail.
* * * LOW HITPOINT WARNING * * *
The gnoll hits you with a +0 whip.
* * * LOW HITPOINT WARNING * * *
You rip the net and break free!
You kill the gnoll bouda!
Trog accepts your kill. The gnoll hits you but does no damage.
The gnoll hits you with a +0 flail.
* * * LOW HITPOINT WARNING * * *
The gnoll hits you with a +0 whip!
You die...

...#. ...........# .....
..........#. ....
#?.......... #.# ..?.......
## ... .......# #. .##...
ggg...# #. ∩.8...
#gg...##... >..
<.....####@$....#....# ..##
8.......##.#..#.... ....###
...........##.#..## ...##.#
............#)#...#........
.........##)...............
..........#...##.....#.....
..#...##.∩#..####....#.....
##.. ##......#...........
#.. .#......#...........


You could see 4 gnolls and a goblin.

Vanquished Creatures
  Sigmund (D:3)
  A black bear (D:4)
  2 bullfrogs (Sewer)
  A gnoll bouda (D:4)
  2 orc priests (D:3)
  2 orc wizards (D:3)
  11 adders
  4 river rats (D:3)
  7 dart slugs
  2 ribbon worms
  13 orcs
  10 ball pythons
  4 bats
  9 endoplasms
  8 giant cockroaches
  7 goblins
  6 hobgoblins
  2 jackals (D:1)
  5 quokkas
  9 frilled lizards
  4 kobolds
  7 rats
117 creatures vanquished.

Vanquished Creatures (others)
  A hobgoblin (D:3)
1 creature vanquished.

Grand Total: 118 creatures vanquished

Notes
Turn   | Place    | Note
-------+----------+-------------------------------------------
     0 | D:1      | Gadfly the Oni Berserker began the quest for the Orb.
     0 | D:1      | Reached XP level 1. HP: 24/24 MP: 1/1
   245 | D:1      | Reached XP level 2. HP: 32/32 MP: 2/2
   567 | D:1      | Reached skill level 1 in Armour
   575 | D:1      | Reached XP level 3. HP: 33/39 MP: 3/3
   807 | D:1      | Reached skill level 1 in Evocations
   955 | D:2      | Found a blossoming altar of Fedhas.
  1077 | D:2      | Found a faded altar of an unknown god.
  1682 | D:3      | Noticed Sigmund
  1684 | D:3      | Reached ** piety under Trog
  1685 | D:3      | Reached XP level 4. HP: 49/49 MP: 4/4
  1705 | D:3      | Killed Sigmund
  1706 | D:3      | Reached XP level 5. HP: 32/55 MP: 5/5
  1706 | D:3      | Reached XP level 6. HP: 37/65 MP: 6/6
  1876 | D:3      | Reached skill level 5 in Fighting
  1881 | D:3      | Found a glowing drain.
  1963 | Sewer    | Entered a sewer
  2496 | Sewer    | HP: 2/66 [bullfrog (6)]
  2499 | Sewer    | Reached XP level 7. HP: 4/72 MP: 7/7
  2821 | D:3      | Reached skill level 5 in Maces & Flails
  2910 | D:3      | Found a blossoming altar of Fedhas.
  2945 | D:3      | Found a shadowy altar of Dithmenos.
  2949 | D:3      | Reached *** piety under Trog
  3191 | D:3      | Found a sacrificial altar of Ru.
  3728 | D:4      | Found Pesch's Antique Armour Shoppe.
  3747 | D:4      | Found Guigu's Antique Weapon Boutique.
  3763 | D:4      | Found Ehoing's Armour Boutique.
  3801 | D:4      | Found Noenoq's Book Boutique.
  3811 | D:4      | Slain by a gnoll

Illustrated notes

Levels and vault maps discovered:
D:1:      dpeg_cavernosity, layout_loops_ring, st_stairs_11, fountainhead
D:2:      layout_basic, ebering_ecumenical_altar_webs, basic_altar
D:3:      layout_rooms, lemuel_tele_altar, mainiacjoe_overflow_catch_the_wave,
          gup_sewer_entry_bubbles, minmay_misc_feat_four_crosses,
          nicolae_figureground_sparkle, uniq_sigmund
D:4:      layout_cave_pools, serial_shops, nicolae_shop_statue_plus, shop, shop,
          shop

Skill      XL: |  1  2  3  4  5  6  7 |
---------------+----------------------+-----
Armour         | 1 2 3 |  3.7
Evocations     | 1 2 3 |  3.4
Maces & Flails | 4 5 |  5.4
Fighting       | 5 |  5.6
Dodging        | |  2.6

Action                     |  1- 3 |  4- 6 |  7- 9 || total
---------------------------+-------+-------+-------++-------
  Melee: Mace              |    99 |   126 |    59 ||   284
         Headbutt          |    15 |    17 |    18 ||    50
         Flail             |       |       |    40 ||    40
         Punch             |       |       |     2 ||     2
 Invoke: Berserk           |       |     1 |       ||     1
    Use: Scroll            |     6 |       |     4 ||    10
         Potion            |     3 |     3 |     1 ||     7
   Stab: Sleeping          |     1 |       |       ||     1
 Armour: Animal skin       |    72 |   117 |    69 ||   258
  Dodge: Dodged            |    63 |   102 |    53 ||   218
